 Dungeon Crawl Stone Soup version 0.23.1-38-g628c18f423 (webtiles) character file.

Game seed: 15407838333643088150

4160 PentaManta the Slinger (level 10, -12/74 HPs)
             Began as a Halfling Hunter on Mar 29, 2019.
             Was a Follower of Okawaru.
             Mangled by a death yak (18 damage)
             ... on level 8 of the Dungeon.
             The game lasted 00:15:44 (7120 turns).

PentaManta the Slinger (Halfling Hunter)            Turns: 7120, Time: 00:15:44

Health: -12/74     AC:  7    Str: 16    XL:     10   Next: 52%
Magic:  10/10      EV: 21    Int:  9    God:    Okawaru [*.....]
Gold:   37         SH:  2    Dex: 18    Spells: 9/9 levels left

rFire    . . .     SeeInvis .   a - +1 hunting sling
rCold    . . .     Gourm    .   (shield restricted)
rNeg     . . .     Faith    .   c - +0 leather armour
rPois    +         Spirit   .   v - +0 helmet
rElec    .         Reflect  +   u - +2 cloak
rCorr    .         Harm     .   (no gloves)
MR       +....                  (no boots)
Stlth    ++........             b - amulet of Vynlusik {Reflect MR+ SH+2}
HPRegen  0.22/turn              (no ring)
MPRegen  0.12/turn              z - ring of poison resistance

@: no status effects
A: small, agile 1, mutation resistance 1
a: Heroism, Renounce Religion


You were on level 8 of the Dungeon.
You worshipped Okawaru.
Okawaru was aware of your devotion.
You were near starving.

You visited 1 branch of the dungeon, and saw 9 of its levels.

You collected 518 gold pieces.
You spent 481 gold pieces at shops.

Inventory:

Hand Weapons
 a - a +1 hunting sling (weapon)
 y - a +1 short sword of venom
Missiles
 d - 3 throwing nets
 e - 197 stones
 q - 4 sling bullets (quivered)
Armour
 c - a +0 leather armour (worn)
 u - a +2 cloak (worn)
 v - a +0 helmet (worn)
Jewellery
 b - the amulet of Vynlusik (around neck) {Reflect MR+ SH+2}
   (You bought it in a shop on level 8 of the Dungeon)

   [amulet of reflection]

   It shields you and reflects attacks.
   It affects your resistance to hostile enchantments.
   It affects your SH (+2).
 z - a ring of poison resistance (right hand)
Scrolls
 g - 2 scrolls of magic mapping
 h - 3 scrolls of remove curse
 i - a scroll of random uselessness {unknown}
 j - 8 scrolls of teleportation {unknown}
 k - 3 scrolls of identify {unknown}
 n - 2 scrolls of enchant armour {unknown}
 r - a scroll of blinking
 s - 3 scrolls of enchant weapon {unknown}
 w - 2 scrolls of noise {unknown}
 x - a scroll of immolation {unknown}
Potions
 l - a potion of magic
Comestibles
 f - 13 rations


   Skills:
 * Level 9.1 Fighting
 - Level 12.0 Slings
 + Level 8.9 Dodging
 - Level 1.1 Stealth


You had 9 spell levels left.
You didn't know any spells.
Your spell library contained the following spells:

 Spells                   Type           Power        Failure   Level  Hunger
 Beastly Appendage        Tmut           #.....       45%         1    ##.....
 Sticks to Snakes         Tmut           #.......     58%         2    ###....
 Spider Form              Tmut/Pois      #.........   83%         3    ####...
 Ice Form                 Ice/Tmut       #.......     99%         4    #####..
 Blade Hands              Tmut           #.........   100%        5    ######.


Dungeon Overview and Level Annotations

Branches:
Dungeon (9/15)             Temple (0/1) D:5
   Lair: D:8-11         Orc: D:9-12

Altars:
Ashenzari
Elyvilon
Fedhas
Gozag
Makhleb
Okawaru
Sif Muna
Trog
Xom
Yredelemnul
Zin

Shops:
D:8 =

Annotations:
D:6 2 transporters, Marnok's ghost, novice DsGl


Innate Abilities, Weirdness & Mutations

You are small and have problems with some larger weapons.
You are somewhat resistant to further mutation.
You are agile. (Dex +2)


Message History

Aiming: Polymorph
Press: ? - help, Shift-Dir - straight line, f/p - death yak
Aim: a death yak (lightly wounded, chance to defeat MR: 1%)
The death yak resists with almost no effort.
The death yak gores you.
* * * LOW HITPOINT WARNING * * *
You feel better. The death yak gores you.
* * * LOW HITPOINT WARNING * * *
You feel better. The death yak gores you!!
* * * LOW HITPOINT WARNING * * *
You feel better. The death yak gores you.
* * * LOW HITPOINT WARNING * * *
Okay, then.
Evoke which item? (* to show all) (? for menu, Esc to quit)
Aiming: Polymorph
Press: ? - help, Shift-Dir - straight line, f/p - death yak
Aim: a death yak (lightly wounded, chance to defeat MR: 1%)
The death yak resists with almost no effort.
The now-empty wand crumbles to dust.
The death yak gores you!!
You die...

####### ###### #.....#
#.(..####.....#####
#.>..'..'.....'....
#....#.##.....#####
##'###.##.....# #Y#
#.##.....# #@#
#.############
#.###.#..........#
#.....#..........#
#..####..........#
#########..#..#..........#
#.............'.........)'
#............##..........#
#............##..........#
#............##..........#


You could see a death yak.

Vanquished Creatures
  2 two-headed ogres (D:8)
  Pikel (D:5)
  A troll (D:9)
  A wyvern (D:9)
  A water moccasin (D:4)
  An ice beast (D:8)
  A phantom (D:8)
  An orc warrior (D:7)
  2 slaves (D:5)
  A necrophage (D:8)
  A sky beast (D:7)
  An ogre (D:4)
  A crocodile (D:8)
  A bullfrog (D:7)
  A scorpion (D:4)
  A howler monkey (D:6)
  3 crimson imps
  A jelly (D:8)
  A quasit (D:6)
  10 orc wizards
  5 orc priests
  A bullfrog skeleton (D:7)
  Crazy Yiuf (D:3)
  An iguana (D:4)
  Jessica (D:2)
  Natasha (thrice) (D:4)
  6 worker ants
  A hound zombie (D:6)
  A worker ant zombie (D:6)
  4 adders
  7 gnolls
  An ooze (D:3)
  An adder zombie (D:6)
  4 worms
  4 dart slugs
  3 leopard geckos
  28 orcs
  2 ball pythons
  6 bats
  5 giant cockroaches
  5 hobgoblins
  2 jackals (D:1)
  10 kobolds
  6 quokkas
  5 frilled lizards
  4 goblins
  A quokka skeleton (D:4)
  5 rats
156 creatures vanquished.

Vanquished Creatures (others)
  A slave (D:6)
  A quasit (D:6)
2 creatures vanquished.

Grand Total: 158 creatures vanquished

Notes
Turn   | Place    | Note
-------+----------+-------------------------------------------
     0 | D:1      | PentaManta the Halfling Hunter began the quest for the Orb.
     0 | D:1      | Reached XP level 1. HP: 14/14 MP: 1/1
    64 | D:1      | Reached skill level 6 in Slings
    83 | D:1      | Reached XP level 2. HP: 19/19 MP: 2/2
   502 | D:1      | Reached XP level 3. HP: 24/24 MP: 3/3
   887 | D:2      | Reached skill level 7 in Slings
   887 | D:2      | Reached XP level 4. HP: 30/30 MP: 4/4
   893 | D:2      | Reached XP level 5. HP: 11/35 MP: 5/5
  1294 | D:2      | Found a white marble altar of Elyvilon.
  1489 | D:2      | Noticed Jessica
  1496 | D:2      | Killed Jessica
  1864 | D:3      | Reached skill level 8 in Slings
  1864 | D:3      | Reached XP level 6. HP: 31/42 MP: 6/6
  2475 | D:3      | Found a runed translucent door.
  2476 | D:3      | Noticed Crazy Yiuf
  2486 | D:3      | Killed Crazy Yiuf
  2637 | D:4      | Reached skill level 9 in Slings
  2637 | D:4      | Reached XP level 7. HP: 38/46 MP: 7/7
  2711 | D:4      | Noticed Natasha
  2753 | D:4      | Killed Natasha
  3116 | D:4      | Noticed Natasha
  3123 | D:4      | Killed Natasha
  3146 | D:4      | Noticed Natasha
  3155 | D:4      | Killed Natasha
  3397 | D:4      | Noticed a water moccasin
  3407 | D:4      | Killed a water moccasin
  3407 | D:4      | Reached skill level 10 in Slings
  3407 | D:4      | Reached skill level 5 in Dodging
  3407 | D:4      | Reached XP level 8. HP: 54/54 MP: 8/8
  3590 | D:5      | Entered Level 5 of the Dungeon
  3624 | D:5      | Found a staircase to the Ecumenical Temple.
  3701 | D:5      | Found a shimmering altar of Xom.
  4056 | D:5      | Found a deep blue altar of Sif Muna.
  4056 | D:5      | Found an opulent altar of Gozag.
  4223 | D:6      | Gained mutation: You do not regenerate when monsters are
                  | visible. [potion of mutation]
  4223 | D:6      | Gained mutation: You are covered in fur. (AC +1) [potion of
                  | mutation]
  4224 | D:6      | Lost mutation: You do not regenerate when monsters are
                  | visible. [potion of mutation]
  4224 | D:6      | Lost mutation: You are covered in fur. (AC +1) [potion of
                  | mutation]
  4224 | D:6      | Gained mutation: You are agile. (Dex +2) [potion of
                  | mutation]
  4345 | D:6      | Found a transporter.
  4371 | D:6      | Noticed Marnok's ghost (novice DsGl)
  4436 | D:6      | Noticed Pikel
  4452 | D:6      | Found a transporter.
  4539 | D:5      | Killed Pikel
  4539 | D:5      | Reached skill level 5 in Fighting
  4539 | D:5      | Reached skill level 11 in Slings
  4539 | D:5      | Reached XP level 9. HP: 31/61 MP: 9/9
  4640 | D:6      | Reached skill level 12 in Slings
  4860 | D:6      | Found a burning altar of Makhleb.
  5093 | D:6      | Found a basalt altar of Yredelemnul.
  5093 | D:6      | Found a bloodstained altar of Trog.
  5518 | D:7      | Found a glowing silver altar of Zin.
  5670 | D:8      | Found an iron altar of Okawaru.
  5672 | D:8      | Noticed a two-headed ogre
  5685 | D:8      | Killed a two-headed ogre
  5832 | D:8      | Became a worshipper of Warmaster Okawaru
  6019 | D:8      | Found Tamac's Jewellery Shoppe.
  6023 | D:8      | Found a blossoming altar of Fedhas.
  6061 | D:8      | Bought the amulet of Vynlusik {Reflect MR+ SH+2} for 241
                  | gold pieces
  6061 | D:8      | Bought an uncursed ring of poison resistance for 240 gold
                  | pieces
  6169 | D:8      | Reached XP level 10. HP: 72/72 MP: 10/10
  6217 | D:8      | Found a shattered altar of Ashenzari.
  6556 | D:8      | Noticed a two-headed ogre
  6569 | D:8      | Killed a two-headed ogre
  6569 | D:8      | Reached * piety under Okawaru
  7078 | D:9      | Noticed a death yak
  7081 | D:9      | Noticed a death yak
  7118 | D:8      | HP: 2/74 [death yak (24)]
  7120 | D:8      | Mangled by a death yak

Skill      XL: |  1  2  3  4  5  6  7  8  9 10 |
---------------+-------------------------------+-----
Slings         | 6 7 8 9 10 11 12 | 12.0
Fighting       | 2 3 4 5 7 9 |  9.1
Dodging        | 3 4 5 6 7 8 |  8.9
Stealth        | |  1.1

Action                   |  1- 3 |  4- 6 |  7- 9 | 10-12 || total
-------------------------+-------+-------+-------+-------++-------
Melee: Hunting sling     |       |       |     1 |       ||     1
 Fire: Hunting sling     |    72 |   207 |   453 |   104 ||   836
Evoke: Wand              |       |       |       |     8 ||     8
  Use: Scroll            |       |     3 |       |     1 ||     4
       Potion            |       |       |     9 |     3 ||    12
  Eat: Chunk             |       |     5 |     9 |     2 ||    16
Armor: Leather armour    |     4 |     8 |    26 |     1 ||    39
       Skin              |       |       |    11 |       ||    11
Dodge: Dodged            |    17 |    66 |   112 |    20 ||   215
Block: Other             |       |       |       |     2 ||     2
